 Dungeon Crawl Stone Soup version 0.27.1-2-g3b301248ec (webtiles) character file.

Game seed: 4736655464003727841

123 isuldar6 the Grave Robber (level 5, -24/38 HPs)
             Began as a Hill Orc Necromancer on Sept 26, 2021.
             Blown up by Ijyb (28 damage)
             ... with a mindburst bolt
             ... on level 3 of the Dungeon.
             The game lasted 00:31:31 (4528 turns).

isuldar6 the Grave Robber (Hill Orc Necromancer)    Turns: 4528, Time: 00:31:32

Health: -24/38     AC:  2    Str: 11    XL:     5   Next: 7%
Magic:  6/7        EV: 12    Int: 16    God:
Gold:   206        SH:  0    Dex: 11    Spells: 2/7 levels left

rFire    . . .     SeeInvis .   k - +0 dagger
rCold    . . .     Faith    .   (no shield)
rNeg     . . .     Spirit   .   a - +0 robe
rPois    .         Reflect  .   (no helmet)
rElec    .         Harm     .   (no cloak)
rCorr    .         Rampage  .   (no gloves)
Will     .....                  (no boots)
Stlth    ++........             (no amulet)
HPRegen  0.12/turn              (no ring)
MPRegen  0.10/turn              (no ring)

@: no status effects
A: no striking features
a: no special abilities


You were on level 3 of the Dungeon.
You visited 1 branch of the dungeon, and saw 4 of its levels.

You collected 206 gold pieces.

Inventory:

Hand Weapons
 c - a +0 whip
 k - a +0 dagger (weapon)
 m - a +0 hunting sling
Armour
 a - a +0 robe (worn)
 i - a +0 leather armour
 n - a +2 scale mail of fire resistance
Magical Staves
 d - a staff of air
Scrolls
 b - a scroll of immolation {unknown}
 e - a scroll of vulnerability {unknown}
 g - a scroll of amnesia {unknown}
 h - a scroll of fear {unknown}
Potions
 f - a potion of berserk rage {unknown}
 j - a potion of cancellation {unknown}
 l - a potion of curing {unknown}


   Skills:
 - Level 0.3 Maces & Flails
 - Level 1.5 Dodging
 - Level 1.6 Stealth
 - Level 0.4 Unarmed Combat
 - Level 1.5 Spellcasting
 + Level 6.1 Necromancy


You had 2 spell levels left.
You knew the following spells:

 Your Spells              Type           Power      Damage    Failure   Level
a - Pain                  Necr           80%        1d8       1%          1
b - Animate Skeleton      Necr           40%        N/A       1%          1
c - Vampiric Draining     Necr           10%        2d7       5%          3

Your spell library contained the following spells:

 Spells                   Type           Power      Damage    Failure   Level
 Animate Dead             Necr           10%        N/A       17%         4
 Agony                    Necr           20%        N/A       43%         5
 Gell's Gravitas          Tloc           0%         N/A       54%         3
 Lesser Beckoning         Tloc           0%         N/A       54%         3
 Teleport Other           Tloc           1%         N/A       54%         3


Dungeon Overview and Level Annotations

Branches:
Dungeon (4/15)
 Temple: D:4-7

Altars:
Qazlal
Vehumet
Xom

Annotations:
D:3 Ijyb


Message History

You kill the kobold!
Things that are here:
a +0 whip; 3 stones A kobold comes into view.
It is wielding a +0 dagger.
The kobold shouts!
Aiming: Pain (safe; 1% risk of failure)
Press: ? - help, Q - select action, (/) - cycle Shift-Dir - straight line, f - kobold
Aim: a kobold, wielding a +0 dagger (chance to affect: 90%)
The kobold writhes in agony.
Aiming: Pain (safe; 1% risk of failure)
Press: ? - help, Q - select action, (/) - cycle Shift-Dir - straight line, f/p - kobold
Aim: a kobold, wielding a +0 dagger (moderately wounded, chance to affect: 90%)
The kobold writhes in agony.
You kill the kobold!
You see here a +0 dagger.
As you open the large door, it creaks loudly!
Found a stormy altar of Qazlal and a radiant altar of Vehumet.
There is a large open door here.
You see here a +0 dagger.
Ijyb the Twisted Goblin comes into view.
She is wielding a +0 club and carrying a wand of mindburst (13).
Press: ? - help, v - describe, . - travel The floor.
Aiming: Pain (safe; 1% risk of failure)
Press: ? - help, Q - select action, (/) - cycle Shift-Dir - straight line, f - you
Okay, then.
Aiming: Pain (safe; 1% risk of failure)
Press: ? - help, Q - select action, (/) - cycle Shift-Dir - straight line, f - Ijyb
Aim: Ijyb, wielding a +0 club, wearing a +0 leather armour and carrying a wand of mindburst (13) (asleep, chance to affect: 85%) Ijyb shouts!
Ijyb writhes in agony!
Aiming: Pain (safe; 1% risk of failure)
Press: ? - help, Q - select action, (/) - cycle Shift-Dir - straight line, f/p - Ijyb
Aim: Ijyb, wielding a +0 club, wearing a +0 leather armour and carrying a wand of mindburst (13) (moderately wounded, chance to affect: 85%) Ijyb writhes in agony.
Ijyb zaps a wand.
Your mind is blasted!
Ouch! That really hurt!
* * * LOW HITPOINT WARNING * * *
Ijyb zaps a wand.
Your mind is blasted!
Ouch! That really hurt!
You die...

#..........#
#.###.....##
#.# ##....#
#.# #.##.#
#.# #.##.#
#.# #.##.#
#.# #.##..
#.# #.####
#@# #.# #.#
#.# #.# #.#
#.# #.#
######g#
#.####
#...##.#
#....#
#......#
####.#
######
#..g#### #.#
#..... ##.##
##.###.###.


You could see Ijyb.

Vanquished Creatures
  Terence (D:3)
  An adder (D:3)
  A worm (D:1)
  2 dart slugs
  An orc (D:3)
  5 ball pythons
  9 bats
  8 endoplasms
  7 giant cockroaches
  6 goblins
  11 hobgoblins
  3 jackals (D:1)
  A quokka (D:1)
  2 frilled lizards
  6 kobolds
  8 rats
72 creatures vanquished.

Notes
Turn   | Place    | Note
-------+----------+-------------------------------------------
     0 | D:1      | isuldar6 the Hill Orc Necromancer began the quest for the
                  | Orb.
     0 | D:1      | Reached XP level 1. HP: 14/14 MP: 3/3
     1 | D:1      | Found a runed translucent door.
   550 | D:1      | Reached XP level 2. HP: 12/20 MP: 0/4
  1628 | D:1      | Reached XP level 3. HP: 24/26 MP: 2/5
  1819 | D:1      | Learned a level 1 spell: Animate Skeleton
  1823 | D:1      | Learned a level 3 spell: Vampiric Draining
  2057 | D:1      | Reached skill level 5 in Necromancy
  3142 | D:2      | You fall into a shaft and drop 2 floors!
  3161 | D:3      | Reached XP level 4. HP: 31/33 MP: 3/6
  3297 | D:3      | Noticed a floating eye
  3299 | D:3      | Found a faded altar of an unknown god.
  3302 | D:3      | Noticed a shining eye
  4119 | D:3      | Noticed Terence
  4131 | D:3      | Killed Terence
  4132 | D:3      | Reached skill level 6 in Necromancy
  4132 | D:3      | Reached XP level 5. HP: 38/38 MP: 0/7
  4282 | D:3      | Noticed a floating eye
  4286 | D:3      | Noticed a shining eye
  4337 | D:3      | Found a shimmering altar of Xom.
  4472 | D:3      | Found a stormy altar of Qazlal.
  4472 | D:3      | Found a radiant altar of Vehumet.
  4515 | D:3      | Noticed Ijyb
  4528 | D:3      | Blown up by Ijyb

Illustrated notes

Levels and vault maps discovered:
D:1:      dpeg_arrival_caged_fury, layout_basic
D:2:      layout_rooms, minmay_crystal_water
D:3:      layout_loops_ring, mainiacjoe_overflow_concentric_impassable,
          gammafunk_temple_overflow_wave,
          hellmonk_ecumenical_altar_watching_god, uniq_terence, uniq_ijyb
D:4:      layout_basic, serial_corexii_hall, corexii_hall_statues_x,
          corexii_hall_statues_i, corexii_hall_statues_l,
          corexii_hall_statues_s, chequers_serial_rivers_small_b,
          grunt_decor_one_mirror

Skill      XL: |  1  2  3  4 |
---------------+-------------+-----
Necromancy     | 5 6 |  6.1
Maces & Flails | |  0.3
Dodging        | |  1.5
Stealth        | |  1.6
Unarmed Combat | |  0.4
Spellcasting   | |  1.5

Action                   |  1- 3 |  4- 6 || total
-------------------------+-------+-------++-------
Melee: Unarmed           |    15 |       ||    15
       Staff             |     4 |       ||     4
       Whip              |    61 |       ||    61
       Dagger            |       |    10 ||    10
 Cast: Pain              |    78 |    52 ||   130
       Vampiric Draining |     4 |     3 ||     7
       Animate Skeleton  |     3 |       ||     3
Armor: Robe              |    21 |     8 ||    29
Dodge: Dodged            |    74 |    15 ||    89
